 Dungeon Crawl Stone Soup version 0.22.1-6-g1668fe2 (webtiles) character file.

4697 Kairos the Cleaver (level 10, -10/54 HPs)
             Began as a Vine Stalker Fighter on Jan 16, 2019.
             Was a Believer of Okawaru.
             Mangled by a komodo dragon (23 damage)
             ... on level 1 of the Lair of Beasts.
             The game lasted 00:16:25 (7479 turns).

Kairos the Cleaver (Vine Stalker Fighter)           Turns: 7479, Time: 00:16:26

Health: -10/54     AC: 18    Str: 22    XL:     10   Next: 45%
Magic:  0/11       EV: 10    Int:  8    God:    Okawaru [**....]
Gold:   476        SH: 16    Dex: 14    Spells: 9/9 levels left

rFire    + . .     SeeInvis .   a - +2 war axe
rCold    . . .     Gourm    +   c - +3 shield
rNeg     . . .     Faith    .   w - +1 plate armour {rF+}
rPois    .         Spirit   +   (no helmet)
rElec    .         Reflect  .   (no cloak)
rCorr    +         Harm     .   (no gloves)
MR       +....                  (no boots)
Stlth    ..........             E - amulet of the gourmand
HPRegen  0.58/turn              h - ring of resist corrosion
MPRegen  0.12/turn              (no ring)

@: heroism
A: fangs 3, rugged brown scales 1, slimy green scales 1, regeneration 1, magic
shield, antimagic bite, no potion heal 3, rot immunity
a: Heroism, Renounce Religion


You were on level 1 of the Lair of Beasts.
You worshipped Okawaru.
Okawaru was pleased with you.
You were not hungry.

You visited 3 branches of the dungeon, and saw 10 of its levels.
You also visited: Sewer and Ossuary.

You collected 476 gold pieces.

Inventory:

Hand Weapons
 a - a +2 war axe (weapon)
Armour
 c - a +3 shield (worn)
 p - a +2 ring mail of poison resistance
 w - a +1 plate armour of fire resistance (worn)
Jewellery
 h - a ring of resist corrosion (left hand)
 E - an amulet of the gourmand (around neck)
Wands
 k - a wand of clouds (7)
 u - a wand of polymorph (16)
 y - a wand of iceblast (7)
 z - a wand of acid (12)
 D - a wand of enslavement (9)
 H - a wand of digging (17)
Scrolls
 g - 4 scrolls of teleportation
 m - 2 scrolls of enchant armour
 x - a scroll of immolation
 A - 5 scrolls of fog
 C - a scroll of summoning
Potions
 d - a potion of might
 e - 4 potions of haste
 i - a potion of cancellation
 j - 2 potions of brilliance
 l - 5 potions of heal wounds
 n - 5 potions of flight
 o - 2 potions of magic
 q - 4 potions of curing
 t - a potion of invisibility
 v - 3 potions of resistance
 B - a potion of berserk rage
Comestibles
 f - 4 rations


   Skills:
 + Level 5.6(10.6) Fighting
 + Level 9.4(14.4) Axes
 + Level 5.2(10.2) Armour
 + Level 2.7(7.7) Dodging
 + Level 1.5(6.5) Stealth
 + Level 7.0(12.0) Shields
 + Level 0.1 Evocations


You had 9 spell levels left.
You didn't know any spells.
Your spell library contained the following spells:

 Spells                   Type           Power        Failure   Level  Hunger
 Sandblast                Erth           #.....       100%        1    ##.....
 Passwall                 Tmut/Erth      #.......     100%        2    ###....
 Stone Arrow              Conj/Erth      #.....       100%        3    ####...
 Ice Form                 Ice/Tmut       #.......     100%        4    #####..
 Petrify                  Tmut/Erth      #.......     100%        4    #####..
 Lee's Rapid Deconstruct  Erth           #.........   100%        5    ######.
 Metabolic Englaciation   Hex/Ice        #.........   100%        5    ######.
 Bolt of Cold             Conj/Ice       #.........   100%        6    #######
 Freezing Cloud           Conj/Ice/Air   #.........   100%        6    #######
 Ozocubu's Refrigeration  Ice            #.........   100%        6    #######
 Simulacrum               Ice/Necr       #.........   100%        6    #######


Dungeon Overview and Level Annotations

Branches:
Dungeon (8/15)             Temple (1/1) D:6            Lair (1/6) D:8

Altars:
Ashenzari
Cheibriados
Dithmenos
Elyvilon
Fedhas
Gozag
Makhleb
Okawaru
Ru
Trog
Uskayaw
Vehumet
Wu Jian
Xom
Zin
The Shining One


Innate Abilities, Weirdness & Mutations

You have razor-sharp teeth.
Your natural rate of healing is unusually fast.
When hurt, damage is shared between your health and your magic reserves.
Your bite disrupts and absorbs the magic of your enemies.
Potions cannot restore your health.
You are immune to rotting.
You are partially covered in rugged brown scales. (AC +1, +3% HP)
You are partially covered in slimy green scales. (AC +2)


Message History

You are too injured to fight recklessly!
You are too injured to fight recklessly!
You are too injured to fight recklessly!
You are too injured to fight recklessly!
You are too injured to fight recklessly!
You are too injured to fight recklessly!
You are too injured to fight recklessly!
You are too injured to fight recklessly!
You are too injured to fight recklessly!
You are too injured to fight recklessly!
You are too injured to fight recklessly!
You are too injured to fight recklessly!
You are too injured to fight recklessly!
You gain the combat prowess of a mighty hero.
The komodo dragon bites you!
* * * LOW HITPOINT WARNING * * *
Your shield and plate armour prevent you from hitting the komodo dragon.
You bite the komodo dragon, but do no damage.
The komodo dragon bites you!!
You die...

#+ ####.# #.# ##..# #.#
#..## ######.### ##†.#
##........########.+P##
#.........'....#......#
#........##.#.'......##
#........######......P#
#.....@..# #......##
+....l...# #......##
#P...[....# ##.......#
##........# #.......##
#P#+..#### ##......## #
..# #.......# #$.
#......## ##. ####PP##
####


You could see a komodo dragon.

Vanquished Creatures
  A black mamba (Lair:1)
  A komodo dragon (Lair:1)
  A hippogriff (Lair:1)
  2 wraiths (Ossuary)
  Menkaure (D:7)
  A water moccasin (D:8)
  3 porcupines
  Purgy (Sewer)
  2 black bears
  3 ogres
  2 ice beasts
  4 orc warriors
  2 centaurs
  A gnoll sergeant (D:8)
  5 bullfrogs
  5 scorpions
  2 wights (Ossuary)
  A howler monkey (D:7)
  A bullfrog zombie (D:7)
  3 crimson imps
  A centaur zombie (D:6)
  A quasit (D:6)
  3 hounds
  2 jellies (D:5)
  A centaur skeleton (D:2)
  An orc priest (D:5)
  A gnoll shaman (D:8)
  An iguana (D:6)
  A bullfrog skeleton (D:7)
  3 orc wizards
  Ijyb (D:2)
  Natasha (thrice) (D:3)
  6 worker ants
  A howler monkey zombie (D:5)
  10 gnolls (D:8)
  5 adders
  A river rat (D:6)
  2 adder skeletons
  4 worms
  A dart slug (D:2)
  2 leopard geckos
  18 orcs
  2 ball pythons
  3 giant cockroaches
  19 goblins
  15 hobgoblins
  6 jackals
  4 kobolds
  2 quokkas
  A ball python skeleton (D:5)
  7 bats
  12 frilled lizards
  A goblin zombie (D:4)
  2 hobgoblin skeletons (Ossuary)
  A hobgoblin zombie (Ossuary)
  3 kobold zombies (Ossuary)
  2 orc skeletons (Ossuary)
  An orc zombie (Ossuary)
  A quokka zombie (D:4)
  9 rats
202 creatures vanquished.

Vanquished Creatures (others)
  2 fungi
2 creatures vanquished.

Grand Total: 204 creatures vanquished

Notes
Turn   | Place    | Note
-------+----------+-------------------------------------------
     0 | D:1      | Kairos the Vine Stalker Fighter began the quest for the
                  | Orb.
     0 | D:1      | Reached XP level 1. HP: 11/11 MP: 2/2
   162 | D:1      | Reached XP level 2. HP: 16/16 MP: 3/3
   528 | D:2      | Reached skill level 2 in Axes
   628 | D:2      | Reached XP level 3. HP: 14/19 MP: 4/4
   690 | D:2      | Gained mutation: Your natural rate of healing is unusually
                  | fast. [Vine Stalker growth]
   690 | D:2      | Reached XP level 4. HP: 15/24 MP: 5/5
   806 | D:2      | Noticed Ijyb
   826 | D:2      | Killed Ijyb
   826 | D:2      | Reached skill level 3 in Axes
  1098 | D:3      | Found a faded altar of an unknown god.
  1131 | D:3      | Reached XP level 5. HP: 28/28 MP: 6/6
  1286 | D:3      | Noticed Natasha
  1297 | D:3      | Killed Natasha
  1307 | D:3      | Noticed Natasha
  1313 | D:3      | Killed Natasha
  1449 | D:3      | Noticed Natasha
  1456 | D:3      | Killed Natasha
  1712 | D:4      | Reached XP level 6. HP: 27/32 MP: 5/7
  1777 | D:4      | Found a sand-covered staircase.
  1785 | Ossuary  | Entered an ossuary
  1875 | Ossuary  | Noticed a wraith
  1875 | Ossuary  | Noticed a flying skull
  1882 | Ossuary  | Noticed a flying skull
  1907 | Ossuary  | Noticed a flying skull
  1916 | Ossuary  | Noticed a wraith
  1930 | Ossuary  | Killed a wraith
  1930 | Ossuary  | Reached skill level 4 in Axes
  1930 | Ossuary  | Reached skill level 1 in Dodging
  1956 | Ossuary  | Noticed a wraith
  1967 | Ossuary  | Killed a wraith
  1967 | Ossuary  | Reached XP level 7. HP: 25/36 MP: 6/8
  2241 | D:4      | Reached skill level 5 in Axes
  2705 | D:4      | Gained mutation: You have razor-sharp teeth. [Vine Stalker
                  | growth]
  2705 | D:4      | Reached XP level 8. HP: 42/42 MP: 9/9
  3087 | D:5      | Entered Level 5 of the Dungeon
  3135 | D:5      | Reached skill level 6 in Axes
  3253 | D:5      | Reached skill level 5 in Shields
  3371 | D:5      | Found an opulent altar of Gozag.
  3787 | D:6      | Reached skill level 7 in Axes
  4011 | D:6      | Found a glowing drain.
  4028 | Sewer    | Entered a sewer
  4116 | Sewer    | Noticed Purgy
  4129 | Sewer    | Killed Purgy
  4129 | Sewer    | Reached XP level 9. HP: 42/45 MP: 10/10
  4610 | D:6      | Found a staircase to the Ecumenical Temple.
  4621 | Temple   | Entered the Ecumenical Temple
  4710 | Temple   | Became a worshipper of Warmaster Okawaru
  4994 | D:7      | Found a bloodstained altar of Trog.
  5023 | D:7      | Noticed Menkaure
  5029 | D:7      | Killed Menkaure
  5029 | D:7      | Reached skill level 1 in Stealth
  5769 | D:7      | Reached * piety under Okawaru
  6083 | D:8      | Reached skill level 8 in Axes
  6087 | D:8      | Reached skill level 5 in Fighting
  6244 | D:8      | Reached ** piety under Okawaru
  6246 | D:8      | Reached XP level 10. HP: 51/51 MP: 11/11
  6504 | D:8      | Found a staircase to the Lair.
  6582 | D:8      | Found a hide-covered altar of Uskayaw.
  6597 | D:8      | Reached skill level 9 in Axes
  6921 | Lair:1   | Entered Level 1 of the Lair of Beasts
  6949 | Lair:1   | Noticed a four-headed hydra
  7274 | D:8      | Gained mutation: You are partially covered in slimy green
                  | scales. (AC +2) [potion of mutation]
  7274 | D:8      | Gained mutation: You are partially covered in rugged brown
                  | scales. (AC +1, +3% HP) [potion of mutation]
  7328 | Lair:1   | Reached skill level 5 in Armour
  7414 | Lair:1   | Noticed a black mamba
  7430 | Lair:1   | Killed a black mamba
  7479 | Lair:1   | Mangled by a komodo dragon

Skill      XL: |  1  2  3  4  5  6  7  8  9 10 |
---------------+-------------------------------+-----
Axes           | 2 3 4 5 7 8 9 |  9.4
Shields        | 3 4 5 6 7 |  7.0
Fighting       | 3 4 5 |  5.6
Armour         | 3 4 5 |  5.2
Dodging        | 1 2 |  2.7
Stealth        | 1 |  1.5
Evocations     | |  0.1

Action                   |  1- 3 |  4- 6 |  7- 9 | 10-12 || total
-------------------------+-------+-------+-------+-------++-------
Melee: War axe           |    61 |   168 |   317 |    94 ||   640
       Bite              |    12 |    45 |   105 |    35 ||   197
Invok: Heroism           |       |       |       |     2 ||     2
Evoke: Wand              |       |       |       |     2 ||     2
  Use: Scroll            |     3 |     5 |     5 |    12 ||    25
       Potion            |       |       |     1 |     1 ||     2
  Eat: Chunk             |       |     4 |     9 |       ||    13
       Ration            |       |       |     2 |     2 ||     4
Armor: Scale mail        |    31 |    15 |       |       ||    46
       Ring mail         |       |    23 |    64 |       ||    87
       Plate armour      |       |       |    27 |    47 ||    74
Dodge: Dodged            |    13 |    37 |    93 |    23 ||   166
Block: Shield            |    36 |   101 |   219 |    83 ||   439
